 Dungeon Crawl Stone Soup version 0.22-a0-223-g0f5d773 (webtiles) character file.

2417 Gorglomux the Placeless Spriggan (level 9, -11/54 HPs)
             Began as a Spriggan Warper on Feb 18, 2018.
             Was a Follower of Hepliaklqana.
             Mangled by Joseph
             ... wielding a +0 quarterstaff
              (12 damage)
             ... on level 7 of the Dungeon on Feb 19, 2018.
             The game lasted 00:24:55 (7275 turns).

Gorglomux the Placeless Spriggan (Spriggan Warper)  Turns: 7275, Time: 00:24:56

Health: -11/54     AC:  3    Str: 15    XL:     9   Next: 24%
Magic:  4/24       EV: 20    Int: 18    God:    Hepliaklqana [*.....]
Gold:   414        SH:  0    Dex: 15    Spells: 15/28 levels left

rFire    . . .     SeeInvis +   a - +1 short sword (venom)
rCold    . . .     Gourm    .   (shield restricted)
rNeg     + . .     Faith    .   b - +0 robe
rPois    .         Spirit   .   (helmet restricted)
rElec    .         Reflect  .   L - +0 cloak
rCorr    .         Harm     .   (gloves unavailable)
MR       +....                  (boots unavailable)
Stlth    ..........             r - amulet of regeneration
HPRegen  0.58/turn              X - +3 ring of strength
MPRegen  0.19/turn              I - ring of positive energy

@: berserking, very quick
A: very small, unfitting armour, reduced essence, see invisible, herbivore,
speed 3, slow metabolism 2
a: Recall Ancestor, Ancestor Identity, Renounce Religion


You were on level 7 of the Dungeon.
You worshipped Hepliaklqana.
Hepliaklqana was aware of your devotion.
You were not hungry.

You visited 1 branch of the dungeon, and saw 7 of its levels.

You collected 414 gold pieces.

Inventory:

Hand Weapons
 a - a +1 short sword of venom (weapon)
 q - a +0 blowgun
 H - the +9 hand axe of the Wilderness {chop, Int+2}
   (You found it on level 4 of the Dungeon)

   It inflicts extra damage upon your enemies.
   It affects your intelligence (+2).
Missiles
 e - 5 tomahawks of dispersal (quivered)
 K - 3 tomahawks
 Z - 5 curare-tipped needles
Armour
 b - a +0 robe (worn)
 L - a +0 cloak (worn)
Jewellery
 r - an amulet of regeneration (around neck)
 I - a ring of positive energy (right hand)
 X - a +3 ring of strength (left hand)
Wands
 O - a wand of clouds (3)
 P - a wand of paralysis (8)
Scrolls
 B - 2 scrolls of blinking
 E - a scroll of fog {unknown}
 F - a scroll of enchant weapon
 M - a scroll of amnesia
 R - a scroll of identify
 S - 2 scrolls of enchant armour
 T - 3 scrolls of teleportation
 V - 2 scrolls of remove curse
 W - a scroll of immolation
Potions
 D - 3 potions of flight
 G - 2 potions of ambrosia
 J - a potion of magic
 Q - 2 potions of curing
 U - a potion of lignification
 Y - a potion of cancellation
Comestibles
 c - 8 rations


   Skills:
 - Level 1.5 Fighting
 - Level 4.0 Short Blades
 - Level 1.0 Throwing
 - Level 5.0 Dodging
 - Level 6.0 Stealth
 + Level 10.0 Spellcasting
 - Level 3.1 Charms
 - Level 11.0 Translocations


You had 15 spell levels left.
You knew the following spells:

 Your Spells              Type           Power        Failure   Level  Hunger
a - Gell's Gravitas       Tloc           #####.....   1%          3    None
b - Teleport Other        Tloc           #####...     1%          3    None
c - Lesser Beckoning      Tloc           #####.....   1%          3    None
d - Blink                 Tloc           N/A          1%          2    None
h - Shroud of Golubria    Chrm/Tloc      ####......   1%          2    None


Dungeon Overview and Level Annotations

Branches:
Dungeon (7/15)             Temple (0/1) D:4

Altars:
Cheibriados
Elyvilon
Fedhas
Hepliaklqana
Qazlal
Ru
Vehumet
Wu Jian

Annotations:
D:7 Joseph; Serpenta's ghost, novice KoFE


Innate Abilities, Weirdness & Mutations

You are very small and have problems with some larger weapons.
You are too small for most types of armour.
You have supernaturally acute eyesight. (SInv)
You are a herbivore.
You cover ground extremely quickly.
You need consume almost no food.
Your life essence is reduced to manifest your ancestor. (-10% HP)


Message History

You perforate Joseph but do no damage!
Joseph is poisoned!
Butt is heavily wounded!
Joseph unwields an uncursed hunting sling!
Joseph wields an uncursed quarterstaff!
Butt hits you with an butt quarterstaff!!! * * * don't die
* * * Unknown command!
A red film seems to cover butt's vision as you go berserk!!!
You feel yourself moving faster!!!
You feel mighty!!!
You are too berserk!!!
You closely miss Joseph!
Joseph is heavily wounded!
Butt hits you with an uncursed quarterstaff! * * * don't die
* * * You skewer Joseph like a kebab!!!
Joseph looks as sick butts possible!!!
Joseph is severely wounded!
You closely miss Joseph!
Joseph is severely wounded!
Joseph hits you with an uncursed quarterstaff!!! rip

#######.# #.# #.# #.#
#.# #.# #.#
####################.#
.......@@..(.(.......#
######################


You could see Joseph.

Vanquished Creatures
  Prince Ribbit (D:7)
  Menkaure (D:4)
  Edmund (D:4)
  Duvessa (D:4)
  2 ice beasts
  A black bear (D:7)
  4 ogres
  2 centaurs (D:6)
  A bullfrog (D:6)
  A scorpion (D:6)
  Dowan (D:4)
  A howler monkey (D:4)
  A crimson imp (D:7)
  2 bullfrog skeletons
  2 centaur skeletons
  3 jellies (D:3)
  2 orc priests
  Crazy Yiuf (D:5)
  6 orc wizards
  An iguana (D:6)
  Natasha (D:3)
  3 worker ants
  Robin (D:4)
  2 gnolls (D:6)
  8 adders
  An ancestor (D:6)
  8 oozes (D:3)
  2 worms
  2 dart slugs (D:1)
  2 leopard geckos (D:2)
  15 orcs
  2 ball pythons
  6 bats
  4 giant cockroaches
  18 goblins
  5 hobgoblins
  2 jackals (D:4)
  17 kobolds
  4 quokkas
  4 frilled lizards
  A quokka skeleton (D:5)
  A quokka zombie (D:6)
  4 rats
148 creatures vanquished.

Vanquished Creatures (collateral kills)
  A centaur skeleton (D:5)
  A worker ant (D:6)
  A gnoll (D:6)
3 creatures vanquished.

Vanquished Creatures (others)
  2 ancestors
  9 toadstools (D:3)
11 creatures vanquished.

Grand Total: 162 creatures vanquished

Notes
Turn   | Place    | Note
-------+----------+-------------------------------------------
     0 | D:1      | Gorglomux the Spriggan Warper began the quest for the Orb.
     0 | D:1      | Reached XP level 1. HP: 10/10 MP: 5/5
    30 | D:1      | Reached skill level 1 in Stealth
   338 | D:1      | Reached XP level 2. HP: 11/14 MP: 6/6
   342 | D:1      | Learned a level 2 spell: Shroud of Golubria
   394 | D:1      | Reached skill level 3 in Stealth
   837 | D:2      | Reached XP level 3. HP: 10/18 MP: 6/8
   978 | D:2      | Found a snail-covered altar of Cheibriados.
  1137 | D:2      | Found a radiant altar of Vehumet.
  1571 | D:2      | Learned a level 3 spell: Gell's Gravitas
  1778 | D:2      | Reached skill level 6 in Stealth
  1778 | D:2      | Reached XP level 4. HP: 22/22 MP: 2/9
  2055 | D:2      | Found a faded altar of an unknown god.
  2732 | D:3      | Found a hazy altar of Hepliaklqana.
  2788 | D:3      | Found an ornate altar of the Wu Jian Council.
  2788 | D:3      | Found a white marble altar of Elyvilon.
  2792 | D:3      | Noticed Natasha
  2945 | D:3      | Learned a level 3 spell: Teleport Other
  3074 | D:3      | Killed Natasha
  3074 | D:3      | Reached skill level 3 in Short Blades
  3200 | D:3      | Reached XP level 5. HP: 4/25 MP: 2/10
  3420 | D:3      | Reached skill level 1 in Charms
  3656 | D:3      | Reached skill level 5 in Translocations
  3656 | D:3      | Reached XP level 6. HP: 30/30 MP: 11/11
  3907 | D:4      | Found a stormy altar of Qazlal.
  3908 | D:4      | Noticed a water elemental
  3909 | D:4      | Noticed a fire elemental
  3910 | D:4      | Noticed an air elemental
  3921 | D:4      | Noticed Menkaure
  3957 | D:4      | Reached skill level 3 in Charms
  4065 | D:4      | Noticed Robin
  4068 | D:4      | Killed Robin
  4082 | D:4      | Reached skill level 6 in Translocations
  4143 | D:4      | Got a slimy hand axe
  4144 | D:4      | Identified the +9 hand axe of the Wilderness {chop, Int+2} (You found it on level 4 of the Dungeon)
  4182 | D:4      | Noticed Duvessa
  4187 | D:4      | Noticed Edmund
  4194 | D:4      | Noticed Dowan
  4230 | D:4      | Killed Dowan
  4230 | D:4      | Reached skill level 7 in Translocations
  4231 | D:4      | Killed Duvessa
  4231 | D:4      | Reached skill level 8 in Translocations
  4231 | D:4      | Reached XP level 7. HP: 33/33 MP: 2/12
  4241 | D:4      | Killed Edmund
  4336 | D:4      | Found a staircase to the Ecumenical Temple.
  4389 | D:4      | Killed Menkaure
  4389 | D:4      | Reached skill level 9 in Translocations
  4518 | D:5      | Entered Level 5 of the Dungeon
  4532 | D:5      | Reached skill level 10 in Translocations
  4641 | D:5      | Found a blossoming altar of Fedhas.
  4949 | D:3      | Became a worshipper of Hepliaklqana the Forgotten
  5093 | D:5      | Reached skill level 11 in Translocations
  5093 | D:5      | Reached XP level 8. HP: 19/33 MP: 2/13
  5175 | D:5      | Found a runed door.
  5193 | D:5      | Noticed Crazy Yiuf
  5204 | D:5      | Killed Crazy Yiuf
  5204 | D:5      | Reached skill level 3 in Spellcasting
  5630 | D:5      | Learned a level 3 spell: Lesser Beckoning
  5633 | D:5      | Learned a level 2 spell: Blink
  5871 | D:6      | Reached skill level 6 in Spellcasting
  5993 | D:6      | Reached * piety under Hepliaklqana
  6367 | D:6      | Found a sacrificial altar of Ru.
  6784 | D:7      | Noticed Prince Ribbit
  6797 | D:7      | Killed Prince Ribbit
  6797 | D:7      | Reached skill level 9 in Spellcasting
  6797 | D:7      | Reached XP level 9. HP: 32/36 MP: 19/23
  6824 | D:7      | Noticed Serpenta's ghost (novice KoFE)
  7257 | D:7      | Noticed Joseph
  7273 | D:7      | HP: 1/54 [Joseph/uncursed quarterstaff (4)]
  7275 | D:7      | Mangled by Joseph

Vault maps used:
D:1:      roderic_octagonal_star
D:2:      mumra_celtic_spiral_tile, lemuel_coloured_pillars_altar,
          cheibriados_altar_1, chequers_ecumenical_altar_twisty,
          minmay_misc_feat_chi
D:3:      cheibrodos_fertilizer, grunt_temple_overflow_open,
          nicolae_overflow_hidden_temple, eino_curves_01, uniq_natasha
D:4:      nicolae_qazlal_style_of_elements, minmay_temple_entry_glassed_door,
          first_ration, hangedman_decor_clover_reticule, uniq_edmund,
          uniq_duvessa, uniq_robin, uniq_menkaure
D:5:      fountainhead, fedhas_altar_2, uniq_crazy_yiuf_cottage
D:6:      lemuel_doored_altar
D:7:      uniq_prince_ribbit1, uniq_joseph

Skill      XL: |  1  2  3  4  5  6  7  8  9 |
---------------+----------------------------+-----
Stealth        | 2 4 6 |  6.0
Dodging        | 4 5 |  5.0
Short Blades   | 3 4 |  4.0
Charms         | 2 3 |  3.1
Translocations | 5 8 11 | 11.0
Spellcasting   | 9 10 | 10.0
Fighting       | |  1.5
Throwing       | |  1.0

Action                   |  1- 3 |  4- 6 |  7- 9 || total
-------------------------+-------+-------+-------++-------
Melee: Short sword       |   139 |   122 |   148 ||   409
       Hand axe          |       |    11 |       ||    11
 Fire: Blowgun           |       |     3 |       ||     3
 Cast: Shroud of Golubri |    10 |    10 |     1 ||    21
       Gell's Gravitas   |     3 |    26 |    44 ||    73
       Teleport Other    |       |     2 |     1 ||     3
       Lesser Beckoning  |       |       |     1 ||     1
Invok: Recall Ancestor   |       |       |     7 ||     7
       Ancestor Identity |       |       |     1 ||     1
Evoke: Wand              |       |       |     4 ||     4
  Use: Scroll            |     2 |     3 |     6 ||    11
       Potion            |       |     3 |     2 ||     5
 Stab: Sleeping          |     8 |     5 |     6 ||    19
       Paralysed         |       |       |     2 ||     2
       Distracted        |       |       |     1 ||     1
  Eat: Ration            |       |     3 |     3 ||     6
Armor: Robe              |    20 |     7 |     4 ||    31
       Skin              |       |     5 |       ||     5
Dodge: Dodged            |   135 |   129 |   104 ||   368

Table legend:
 A = Spawn XP
 B = Non-spawn XP
 C = Spawn XP percentage of total XP
 D = Spawn monster count
 E = Non-spawn monster count
 F = Spawn count percentage of total count
 G = Total turns spent on level
                    A         B        C        D         E        F      G
               +---------+---------+-------+---------+---------+-------+---------
         Total |       0 |    3454 |   0.0 |       0 |     150 |   0.0 |  7275
               +---------+---------+-------+---------+---------+-------+---------
           D:1 |       0 |      30 |   0.0 |       0 |      15 |   0.0 |   786
           D:2 |       0 |      73 |   0.0 |       0 |      21 |   0.0 |  1461
           D:3 |       0 |     333 |   0.0 |       0 |      38 |   0.0 |  1614
           D:4 |       0 |     773 |   0.0 |       0 |      31 |   0.0 |   705
           D:5 |       0 |     466 |   0.0 |       0 |      12 |   0.0 |  1112
           D:6 |       0 |     910 |   0.0 |       0 |      19 |   0.0 |  1078
           D:7 |       0 |     869 |   0.0 |       0 |      14 |   0.0 |   519
               +---------+---------+-------+---------+---------+-------+---------
